 Dungeon Crawl Stone Soup version 0.28.0 (webtiles) character file.

Game seed: 3203441116458899067

235 sasquatch the Cudgeller (level 5, -2/45 HPs)
             Began as a Minotaur Fighter on Feb 9, 2022.
             Killed by divine providence
             ... invoked by an orc priest
              (17 damage)
             ... on level 2 of the Dungeon.
             The game lasted 00:01:56 (2297 turns).

sasquatch the Cudgeller (Minotaur Fighter)          Turns: 2297, Time: 00:01:57

Health: -2/45      AC:  6    Str: 22    XL:     5   Next: 76%
Magic:  4/4        EV:  9    Int:  5    God:
Gold:   69         SH:  4    Dex: 10    Spells: 4/4 levels left

rFire   . . .      SeeInvis .   a - +0 flail
rCold   . . .      Faith    .   c - +0 buckler
rNeg    . . .      Spirit   .   b - +0 scale mail
rPois   .          Reflect  .   (helmet restricted)
rElec   .          Harm     .   (no cloak)
rCorr   .          Rampage  .   (no gloves)
Will    .....                   (no boots)
Stlth   ..........              (no amulet)
HPRegen 0.15/turn               (no ring)
MPRegen 0.09/turn               (no ring)

@: no status effects
A: horns 2, retaliatory headbutt
a: no special abilities


You were on level 2 of the Dungeon.
You visited 1 branch of the dungeon, and saw 3 of its levels.

You collected 69 gold pieces.

Inventory:

Hand Weapons
 a - a +0 flail (weapon)
Missiles
 n - 3 datura-tipped darts (quivered)
Armour
 b - a +0 scale mail (worn)
 c - a +0 buckler (worn)
Jewellery
 m - a +6 ring of intelligence
Wands
 o - a wand of polymorph (6)
Scrolls
 e - 2 scrolls of acquirement {unknown}
 j - a scroll of identify {unknown}
 k - 2 scrolls of vulnerability {unknown}
 l - a scroll of teleportation {unknown}
Potions
 d - 2 potions of might
 f - a potion of attraction {unknown}
 g - a potion of brilliance {unknown}
 h - 3 potions of curing {unknown}
 i - a potion of mutation {unknown}


   Skills:
 - Level 3.6 Fighting
 + Level 7.0 Maces & Flails
 - Level 3.6 Armour
 + Level 1.5 Dodging
 + Level 0.1 Stealth
 - Level 3.6 Shields
 + Level 0.1 Unarmed Combat


You had 4 spell levels left.
You didn't know any spells.
Your spell library contained the following spells:

 Spells                   Type           Power      Damage    Failure   Level
 Gell's Gravitas          Tloc           0%         N/A       99%         3
 Lesser Beckoning         Tloc           0%         N/A       99%         3
 Teleport Other           Tloc           0%         N/A       99%         3


Dungeon Overview and Level Annotations

Branches:
Dungeon (3/15)

Altars:


Innate Abilities, Weirdness & Mutations

You have a pair of horns on your head.
You reflexively headbutt those who attack you in melee.


Message History

Unknown command.
You thump the orc!
You kill the orc!
You hit the orc. Your headbutt misses the orc.
The orc is almost dead.
The orc priest looks braver for a moment.
The orc barely misses you.
You barely miss the orc. Your headbutt misses the orc.
The orc is almost dead.
The rat twitches its whiskers.
The orc hits you with a +0 mace.
You hit the orc.
You kill the orc!
You barely miss the rat. The rat bites you but does no damage.
You closely miss the rat. The rat bites you but does no damage.
The orc priest invokes the aid of Beogh against you.
Beogh smites you! The rat barely misses you.
You sock the rat!
You kill the rat!
Unknown command.
The orc priest barely misses you.
You climb upwards.
There is a stone staircase leading down here.
Unknown command.
You closely miss the orc priest. The orc priest hits you with a +0 mace.
You closely miss the orc priest.
The orc priest casts a cantrip, but nothing happens.
You closely miss the orc priest.
The orc priest hits you but does no damage.
You barely miss the orc priest. You headbutt the orc priest!
The orc priest is heavily wounded.
The orc priest barely misses you.
The orc priest calls down the wrath of Beogh upon you.
Beogh smites you!
You hit the orc priest but do no damage.
You headbutt the orc priest.
The orc priest is severely wounded.
The orc priest calls down the wrath of Beogh upon you.
Beogh smites you!
You die...

###..# #....##..##########
.....# #.##.##...........#
###..###.##(.....#######.#######
#............##................#
(....##...##.##..#######.####.##
.....##...##.....# #.# #.#
###.###......###.# #.# #.#
###.###.##...###o# #.####.#
................@# #......#
###)....##.####### ########
....######.### ...<.........#
###.######...# ..#)# #...#
..#.######...# ..#..........#
...........###


You could see an orc priest.

Vanquished Creatures
  A necrophage (D:2)
  Natasha (thrice) (D:2)
  A gnoll (D:1)
  An adder (D:2)
  4 dart slugs
  2 orcs (D:3)
  2 endoplasms (D:1)
  6 goblins
  7 hobgoblins
  3 jackals (D:2)
  7 ball pythons
  2 bats
  A frilled lizard (D:3)
  4 kobolds
  6 rats
50 creatures vanquished.

Notes
Turn   | Place    | Note
-------+----------+-------------------------------------------
     0 | D:1      | sasquatch the Minotaur Fighter began the quest for the Orb.
     0 | D:1      | Reached XP level 1. HP: 19/19 MP: 0/0
    43 | D:1      | Reached skill level 3 in Maces & Flails
    43 | D:1      | Reached XP level 2. HP: 10/26 MP: 1/1
   784 | D:1      | Reached skill level 4 in Maces & Flails
   807 | D:1      | Reached XP level 3. HP: 30/31 MP: 2/2
   859 | D:1      | Found a faded altar of an unknown god.
  1125 | D:2      | Reached skill level 1 in Dodging
  1417 | D:2      | Noticed Natasha
  1425 | D:2      | Killed Natasha
  1426 | D:2      | Reached skill level 5 in Maces & Flails
  1426 | D:2      | Reached XP level 4. HP: 33/39 MP: 3/3
  1502 | D:2      | Noticed Natasha
  1514 | D:2      | Killed Natasha
  1737 | D:2      | Noticed Natasha
  1773 | D:2      | Killed Natasha
  1774 | D:2      | Reached skill level 6 in Maces & Flails
  1774 | D:2      | Reached XP level 5. HP: 36/45 MP: 4/4
  1987 | D:2      | Noticed a necrophage
  1994 | D:2      | Killed a necrophage
  1995 | D:2      | Reached skill level 7 in Maces & Flails
  2297 | D:2      | Killed from afar by an orc priest

Illustrated notes

Levels and vault maps discovered:
D:1:      psy_arrival_fountain, layout_basic,
          shapermc_ecumenical_altar_mp_highgroup
D:2:      layout_basic, minmay_tetromino_o4, uniq_natasha
D:3:      layout_loops_ring, nemelex_spade_bored_becter, serial_glass,
          glass_columns_a, glass_columns_a, feat_on_display, item_on_display_a,
          feat_on_display

Skill      XL: |  1  2  3  4  5 |
---------------+----------------+-----
Maces & Flails | 3 4 5 6 7 |  7.0
Dodging        | 1 |  1.5
Fighting       | |  3.6
Armour         | |  3.6
Stealth        | |  0.1
Shields        | |  3.6
Unarmed Combat | |  0.1

Action                   |  1- 3 |  4- 6 || total
-------------------------+-------+-------++-------
Melee: Flail             |    81 |    39 ||   120
       Headbutt          |     9 |     4 ||    13
       Unarmed           |     2 |       ||     2
Armor: Scale mail        |    27 |    12 ||    39
       Skin              |     1 |       ||     1
Dodge: Dodged            |    30 |    12 ||    42
Block: Buckler           |    19 |     4 ||    23
